 Dungeon Crawl Stone Soup version 0.30-b1-2-g02819fbbbe (webtiles) character file.

Game seed: 16862180802614291183

10 Alarkh the Insei (level 2, 24/24 HPs)
             Began as a Demonspawn Chaos Knight on May 21, 2023.
             Was a Plaything of Xom.
             Got out of the dungeon alive.
             The game lasted 00:00:30 (402 turns).

Alarkh the Insei (Demonspawn Chaos Knight)           Turns: 402, Time: 00:00:30

Health: 24/24      AC:  5    Str: 12    XL:     2   Next: 10%
Magic:  2/2        EV: 11    Int: 15    God:    Xom [....*.]
Gold:   60         SH:  0    Dex: 12    Spells: 1/1 levels left

rFire   . .          .
                       - Unarmed
rCold   . . .        (no shield)
rNeg    . . .        a - +2 leather armour
rPois   .            (no helmet)
rElec   .            (no cloak)
rCorr   .            (no gloves)
SInv    .            (no boots)
Will    .....        (no amulet)
Stlth   +            (no ring)
HPRegen 0.24/turn    (no ring)
MPRegen 0.08/turn

%: no passive effects
@: no status effects
A: big brain 1
a: Renounce Religion


You escaped.
You worshipped Xom.
You were a beloved toy of Xom.
You visited 1 branch of the dungeon, and saw 1 of its levels.

You collected 60 gold pieces.

Inventory:

Armour
 a - a +2 leather armour (worn)
Scrolls
 c - a scroll of silence {unknown}
 e - a scroll of noise {unknown}
Potions
 d - 2 potions of lignification {unknown}
Miscellaneous
 b - a piece from Xom's chessboard (14/15) (quivered)


   Skills:
 - Level 3.0 Fighting
 - Level 1.7 Armour
 - Level 0.8 Dodging
 + Level 3.3 Unarmed Combat


You had one spell level left.
You didn't know any spells.
Your spell library was empty.

Dungeon Overview and Level Annotations

Branches:
Dungeon (1/15)

Altars:

Shops:
D:1 =*


Innate Abilities, Weirdness & Mutations

You have an unusually large brain. (Int +2)


Message History

You now have 60 gold pieces (gained 12).
You see here a +0 club.
d - 2 glowing inky potions
e - a scroll labelled GUSONKANKUI
There is an entrance to Miececig's Jewellery Boutique here.
Unknown command.
Unknown command.
A giant cockroach and a hobgoblin come into view.
The hobgoblin shouts!
There is a fountain of clear blue water here.
Non-targeted evoke: piece from Xom's chessboard (15/15)
Press: ? - help, Q - select action Dir - look around, f - activate You make a move on Xom's chessboard...
The hobgoblin struggles to resist.
Unknown command.
You hit the hobgoblin but do no damage. The hobgoblin hits you.
You hit the hobgoblin.
The hobgoblin is almost dead.
The hobgoblin closely misses you.
You hit the hobgoblin.
You kill the hobgoblin!
No target in view!
No target in view!
No target in view!
No target in view!
No target in view!
No target in view!
No target in view!
No target in view!
No target in view!
You see here 6 stones.
There is an open door here.
There is an open door here.
There is an open door here.
There is an escape hatch in the floor here.
There is an open door here.
There is an open door here.
Found a scroll labelled NAP LIPHEPI.
There is a staircase leading out of the dungeon here.
Are you sure you want to leave the Dungeon?
This will make you lose the game!
You have escaped!

?########.# #.#.### #.#
#.#...# .. #.# #.###.#
###.#########.# #.# #.#
#...........#.# #.# #.#
#...........#.####.# #.#
#.#§§#..#...#......# #)#
+..≈§.......#.###### #.#
#.8§§......@#.#..#####.#
+..○°.......#.#........#
#.#°°#..#...#.##.#######
#...........#....#
#...........#.####
###.#########.#
###.####.# #.#
#........#########.#
#.#####........##..#


There were no monsters in sight!

Vanquished Creatures
  A bat (D:1)
  3 goblins (D:1)
  3 hobgoblins (D:1)
  A ball python (D:1)
8 creatures vanquished.

Notes
Turn   | Place    | Note
-------+----------+-------------------------------------------
     0 | D:1      | Alarkh the Demonspawn Chaos Knight began the quest for the
                  | Orb.
     0 | D:1      | Reached XP level 1. HP: 18/18 MP: 1/1
     9 | D:1      | Found Ludweut's General Store.
    30 | D:1      | XOM: silly message
   265 | D:1      | Found Miececig's Jewellery Boutique.
   272 | D:1      | Gained mutation: You have an unusually large brain. (Int
                  | +2) [demonic ancestry]
   272 | D:1      | Reached XP level 2. HP: 24/24 MP: 2/2
   402 | D:$      | Got out of the dungeon alive.

Illustrated notes

Levels and vault maps discovered:
D:1:      shiori_arrival_oz, layout_basic, serial_shops, shop_fountains, shop,
          nicolae_shop_rolled_up

Skill      XL: |  1 |
---------------+----+-----
Unarmed Combat | 3 |  3.3
Fighting       | |  3.0
Armour         | |  1.7
Dodging        | |  0.8

Action                     || total
---------------------------++-------
  Melee: Unarmed           ||    30
  Evoke: Piece from Xom's  ||     1
 Armour: Leather armour    ||     4
  Dodge: Dodged            ||    19
